cohdb
Replays
Latest Replays
All Replays
Popular Replays
Top Player Replays
Match Explorer
How It Works
Community
CoH3 Stats
Reddit
Sign in to upload your games and track your stats! →
Sign in with Steam
Match 42329349
Unlisted
Match 42329349
Overview
Messages
Build Orders
End
Kradschützen Motorcycle Team
Selects Battlefield Espionage Battlegroup
Panzergrenadier Squad
Panzergrenadier Squad
Construct Light Support Kompanie
Assault Grenadier Squad
Selects Intel Disruption Beacon
Fire Support Elements
Flakvierling Half-track
Selects Transfer Depots
Panzerjäger Mechanized Group
Veteran Squad Leaders
Construct Mechanized Kompanie
StuG III D Assault Gun
Selects 250/3 Funkpanzerwagen
Assault Mechanized Group
WadoVice
[gaylordbangers]Faden
0
0
Comments
sign in to comment!
No comments posted yet!